TOP OF THE 1ST |
Athletic Club KC batting - Pitching for Ft. Worth Cattlemen : LHP Allen Werner
|
Pitching: LHP Allen Werner
|
|
Batting: RHB Ali Ben Bongo
|
0-0: Called Strike 0-1: Called Strike 0-2: Ball 1-2: Foul Ball, location: 2F 1-2: Ball 2-2: Fly out, F9 (Flyball, 9LD, EV 103.8 MPH)
|
Batting: RHB James Hemwick
|
0-0: Ball 1-0: Foul Ball, location: 2F 1-1: SINGLE (Groundball, 56D, EV 105.6 MPH)
|
Batting: RHB Jimbob Ghostkeeper
|
0-0: Ball 1-0: Called Strike James Hemwick is caught stealing 2nd base 2-4 1-1: Ball 2-1: Called Strike 2-2: Ball 3-2: Foul Ball, location: 2F 3-2: Base on Balls
|
Batting: RHB Cornelio Japón
|
0-0: Called Strike 0-1: Ball 1-1: SINGLE (Groundball, 6S, EV 66.9 MPH) (infield hit) Jimbob Ghostkeeper to second
|
Batting: SHB Mike Ríos
|
0-0: Called Strike 0-1: Ball 1-1: Swinging Strike 1-2: Strikes out looking
|
Top of the 1st over - 0 runs, 2 hits, 0 errors, 2 left on base; Athletic Club KC 0 - Ft. Worth 0 |
BOTTOM OF THE 1ST |
Ft. Worth Cattlemen batting - Pitching for Athletic Club KC : RHP Steve Gourin
|
Pitching: RHP Steve Gourin
|
|
Batting: LHB Tippi Degré
|
0-0: Called Strike 0-1: Swinging Strike 0-2: Foul Ball, location: 2F 0-2: Foul Ball, location: 2F 0-2: Ball 1-2: Ground out 4-3 (Groundball, 4, EV 85.0 MPH)
|
Batting: RHB Tae-cho Han
|
0-0: Called Strike 0-1: Swinging Strike 0-2: Ball 1-2: Foul Ball, location: 2F 1-2: Ground out 5-3 (Groundball, 56S, EV 79.4 MPH)
|
Batting: SHB Kolby Hay
|
0-0: Ball 1-0: Foul Ball, location: 2F 1-1: Ball 2-1: SINGLE (Groundball, 34, EV 103.8 MPH)
|
Batting: LHB Semo Hoaloha
|
0-0: SINGLE (Popup, 2L, EV 83.1 MPH) Kolby Hay to second
|
Batting: RHB Dennis Wacher
|
0-0: Swinging Strike 0-1: Ball 1-1: Swinging Strike 1-2: Foul Ball, location: 2F 1-2: TRIPLE (Line Drive, 89XD, EV 106.9 MPH) Kolby Hay scores Semo Hoaloha scores
|
Batting: LHB Jorge Alejándrez
|
0-0: Swinging Strike 0-1: Foul Ball, location: 2F 0-2: SINGLE (Groundball, 6D, EV 103.1 MPH) Dennis Wacher scores
|
Batting: RHB Jurgen Flurgenburgen
|
0-0: Ball 1-0: DOUBLE (Line Drive, 7LM, EV 89.4 MPH) Jorge Alejándrez to third
|
Batting: RHB Lonnie Doble
|
0-0: Ball 1-0: Swinging Strike 1-1: Swinging Strike 1-2: Ball 2-2: Strikes out looking
|
Bottom of the 1st over - 3 runs, 5 hits, 0 errors, 2 left on base; Athletic Club KC 0 - Ft. Worth 3 |
TOP OF THE 2ND |
Athletic Club KC batting - Pitching for Ft. Worth Cattlemen : LHP Allen Werner
|
Batting: RHB Karel van Capelle
|
0-0: Ball 1-0: Called Strike 1-1: Swinging Strike 1-2: Ball 2-2: Ball 3-2: Foul Ball, location: 2F 3-2: Foul Ball, location: 2F 3-2: Base on Balls
|
Batting: RHB Scott Dourque
|
0-0: Called Strike 0-1: DOUBLE (Groundball, 5L, EV 101.9 MPH) Karel van Capelle to third
|
Batting: RHB Gerold Olthof
|
0-0: Foul Ball, location: 2F 0-1: Swinging Strike 0-2: Strikes out looking
|
Batting: LHB Cisco Hernández
|
0-0: Ball 1-0: Foul Ball, location: 2F 1-1: Ground out 4-3 (Groundball, 4, EV 86.2 MPH) Karel van Capelle scores Scott Dourque to third
|
Batting: RHB Ali Ben Bongo
|
0-0: Ball 1-0: Foul Ball, location: 2F 1-1: Ground out 6-3 (Groundball, 6S, EV 86.2 MPH)
|
Top of the 2nd over - 1 run, 1 hit, 0 errors, 1 left on base; Athletic Club KC 1 - Ft. Worth 3 |
BOTTOM OF THE 2ND |
Ft. Worth Cattlemen batting - Pitching for Athletic Club KC : RHP Steve Gourin
|
Batting: RHB Omer Yurtseven
|
0-0: Called Strike 0-1: Ground out 4-3 (Groundball, 4, EV 103.1 MPH)
|
Batting: LHB Tippi Degré
|
0-0: Ball 1-0: Swinging Strike 1-1: Ball 2-1: SINGLE (Groundball, 4MD, EV 103.1 MPH)
|
Batting: RHB Tae-cho Han
|
0-0: Called Strike 0-1: Called Strike 0-2: Ball 1-2: Ball 2-2: Ball 3-2: SINGLE (Flyball, 9LM, EV 98.8 MPH) Tippi Degré to second
|
Batting: SHB Kolby Hay
|
0-0: Ball 1-0: Called Strike 1-1: Ball 2-1: SINGLE (Line Drive, 34D, EV 104.4 MPH) Tippi Degré to third Tae-cho Han to second
|
Batting: LHB Semo Hoaloha
|
0-0: Called Strike 0-1: Ball 1-1: Grounds into double play, 6-4-3 (Groundball, 6S, EV 87.5 MPH)
|
Bottom of the 2nd over - 0 runs, 3 hits, 0 errors, 2 left on base; Athletic Club KC 1 - Ft. Worth 3 |
TOP OF THE 3RD |
Athletic Club KC batting - Pitching for Ft. Worth Cattlemen : LHP Allen Werner
|
Batting: RHB James Hemwick
|
0-0: Ground out 6-3 (Groundball, 6, EV 80.6 MPH)
|
Batting: RHB Jimbob Ghostkeeper
|
0-0: Ball 1-0: Called Strike 1-1: SINGLE (Groundball, 6, EV 90.0 MPH) (infield hit)
|
Batting: RHB Cornelio Japón
|
0-0: Ball 1-0: Foul Ball, location: 2F 1-1: Grounds into double play, 5-4-3 (Groundball, 56S, EV 82.5 MPH)
|
Top of the 3rd over - 0 runs, 1 hit, 0 errors, 0 left on base; Athletic Club KC 1 - Ft. Worth 3 |
BOTTOM OF THE 3RD |
Ft. Worth Cattlemen batting - Pitching for Athletic Club KC : RHP Steve Gourin
|
Batting: RHB Dennis Wacher
|
0-0: Called Strike 0-1: Called Strike 0-2: Foul Ball, location: 2F 0-2: Ground out 5-3 (Groundball, 56S, EV 86.2 MPH)
|
Batting: LHB Jorge Alejándrez
|
0-0: SINGLE (Groundball, 56D, EV 93.8 MPH)
|
Batting: RHB Jurgen Flurgenburgen
|
0-0: Called Strike 0-1: Foul Ball, location: 2F 0-2: Ball 1-2: Ball 2-2: SINGLE (Flyball, 78S, EV 98.8 MPH) Jorge Alejándrez to second
|
Batting: RHB Lonnie Doble
|
0-0: SINGLE (Line Drive, 78S, EV 108.8 MPH) Jorge Alejándrez to third Jurgen Flurgenburgen to second Runner from 3rd tries for Home, SAFE, throw by LF to home
|
Batting: RHB Omer Yurtseven
|
0-0: Ball 1-0: Foul Ball, location: 2F 1-1: Swinging Strike 1-2: Strikes out swinging
|
Batting: LHB Tippi Degré
|
0-0: Called Strike 0-1: Fielders Choice at 2nd, U4 (Groundball, 4M, EV 78.1 MPH)
|
Bottom of the 3rd over - 1 run, 3 hits, 0 errors, 2 left on base; Athletic Club KC 1 - Ft. Worth 4 |
TOP OF THE 4TH |
Athletic Club KC batting - Pitching for Ft. Worth Cattlemen : LHP Allen Werner
|
Batting: SHB Mike Ríos
|
0-0: Called Strike 0-1: Ball 1-1: Foul Ball, location: 2F 1-2: Strikes out looking
|
Batting: RHB Karel van Capelle
|
0-0: Called Strike 0-1: Called Strike 0-2: Ball 1-2: Strikes out swinging
|
Batting: RHB Scott Dourque
|
0-0: Called Strike 0-1: Foul Ball, location: 2F 0-2: Strikes out swinging
|
Top of the 4th over - 0 runs, 0 hits, 0 errors, 0 left on base; Athletic Club KC 1 - Ft. Worth 4 |
BOTTOM OF THE 4TH |
Ft. Worth Cattlemen batting - Pitching for Athletic Club KC : RHP Steve Gourin
|
Batting: RHB Tae-cho Han
|
0-0: Foul Ball, location: 2F 0-1: Ball 1-1: SINGLE (Line Drive, 56, EV 98.8 MPH)
|
Batting: SHB Kolby Hay
|
0-0: Called Strike 0-1: Fielders Choice at 2nd, 2-4 (Groundball, 15S, EV 71.2 MPH)
|
Batting: LHB Semo Hoaloha
|
0-0: Called Strike 0-1: Ball 1-1: Ball 2-1: DOUBLE (Line Drive, 78M, EV 103.1 MPH) Kolby Hay to third
|
Batting: RHB Dennis Wacher
|
0-0: Foul Ball, location: 2F 0-1: Ground out 6-3 (Groundball, 6, EV 97.5 MPH) Kolby Hay scores
|
Batting: LHB Jorge Alejándrez
|
0-0: Ball 1-0: Foul Ball, location: 2F 1-1: Ball 2-1: Fly out, F8 (Flyball, 8LM, EV 96.9 MPH)
|
Bottom of the 4th over - 1 run, 2 hits, 0 errors, 1 left on base; Athletic Club KC 1 - Ft. Worth 5 |
TOP OF THE 5TH |
Athletic Club KC batting - Pitching for Ft. Worth Cattlemen : LHP Allen Werner
|
Batting: RHB Gerold Olthof
|
0-0: Ball 1-0: Ball 2-0: Ball 3-0: Fly out, F8 (Flyball, 89S, EV 93.8 MPH)
|
Batting: LHB Cisco Hernández
|
0-0: Fly out, F3 (Flyball, 3D, EV 91.2 MPH)
|
Batting: RHB Ali Ben Bongo
|
0-0: Swinging Strike 0-1: Ball 1-1: Ball 2-1: Foul Ball, location: 2F 2-2: Ball 3-2: Base on Balls
|
Batting: RHB James Hemwick
|
0-0: Ball 1-0: Called Strike 1-1: Called Strike 1-2: Fly out, F9 (Flyball, 89M, EV 71.9 MPH)
|
Top of the 5th over - 0 runs, 0 hits, 0 errors, 1 left on base; Athletic Club KC 1 - Ft. Worth 5 |
BOTTOM OF THE 5TH |
Ft. Worth Cattlemen batting - Pitching for Athletic Club KC : RHP Steve Gourin
|
Batting: RHB Jurgen Flurgenburgen
|
0-0: Ball 1-0: Ball 2-0: Called Strike 2-1: Called Strike 2-2: Ground out 6-3 (Groundball, 6, EV 90.6 MPH)
|
Batting: RHB Lonnie Doble
|
0-0: Fly out, F8 (Flyball, 8RD, EV 98.1 MPH)
|
Batting: RHB Omer Yurtseven
|
0-0: Ground out 6-3 (Groundball, 6D, EV 85.6 MPH)
|
Bottom of the 5th over - 0 runs, 0 hits, 0 errors, 0 left on base; Athletic Club KC 1 - Ft. Worth 5 |
TOP OF THE 6TH |
Athletic Club KC batting - Pitching for Ft. Worth Cattlemen : LHP Allen Werner
|
Batting: RHB Jimbob Ghostkeeper
|
0-0: Called Strike 0-1: Ball 1-1: SOLO HOME RUN (Flyball, 78XD, EV 85.6 MPH), Distance : 412 ft
|
Batting: RHB Cornelio Japón
|
0-0: Swinging Strike 0-1: Ball 1-1: Foul Ball, location: 2F 1-2: Strikes out swinging
|
Pitching: RHP Dragutin Petrovic
|
|
Batting: SHB Mike Ríos
|
0-0: Ball 1-0: Ball 2-0: Called Strike 2-1: Foul Ball, location: 2F 2-2: Foul Ball, location: 2F 2-2: Ground out 3-1 (Groundball, 34, EV 80.6 MPH)
|
Batting: RHB Karel van Capelle
|
0-0: Ground out 6-3 (Groundball, 6S, EV 90.6 MPH)
|
Top of the 6th over - 1 run, 1 hit, 0 errors, 0 left on base; Athletic Club KC 2 - Ft. Worth 5 |
BOTTOM OF THE 6TH |
Ft. Worth Cattlemen batting - Pitching for Athletic Club KC : RHP Steve Gourin
|
Batting: LHB Tippi Degré
|
0-0: SINGLE (Groundball, 34D, EV 105.6 MPH)
|
Batting: RHB Tae-cho Han
|
0-0: Foul Ball, location: 2F 0-1: SINGLE (Line Drive, 8LS, EV 111.2 MPH) Tippi Degré to second
|
Pitching: RHP Dan Smith
|
|
Batting: SHB Kolby Hay
|
0-0: Ball 1-0: Ball 2-0: Reached on error, E5 (Groundball, 56, EV 85.0 MPH) Tippi Degré to third Tae-cho Han to second
|
Batting: LHB Semo Hoaloha
|
0-0: Called Strike 0-1: Ball 1-1: Ball 2-1: Called Strike 2-2: Strikes out looking
|
Batting: RHB Dennis Wacher
|
0-0: Ball 1-0: Called Strike 1-1: Foul Ball, location: 2F 1-2: Ground out 6-3 (Groundball, 4MS, EV 81.2 MPH) Tippi Degré scores Tae-cho Han to third Kolby Hay to second
|
Batting: LHB Jorge Alejándrez
|
0-0: Ground out 1-3 (Groundball, P, EV 75.6 MPH)
|
Bottom of the 6th over - 1 run, 2 hits, 1 error, 2 left on base; Athletic Club KC 2 - Ft. Worth 6 |
TOP OF THE 7TH |
Athletic Club KC batting - Pitching for Ft. Worth Cattlemen : RHP Dragutin Petrovic
|
Batting: RHB Scott Dourque
|
0-0: Foul Ball, location: 2F 0-1: Ground out 5-3 (Groundball, 5, EV 102.5 MPH)
|
Batting: RHB Gerold Olthof
|
0-0: Fly out, F7 (Line Drive, 7, EV 90.0 MPH)
|
Batting: LHB Cisco Hernández
|
0-0: Ball 1-0: Called Strike 1-1: Foul Ball, location: 2F 1-2: Foul Ball, location: 2F 1-2: SOLO HOME RUN (Flyball, 9LD, EV 93.8 MPH), Distance : 355 ft
|
Batting: RHB Ali Ben Bongo
|
0-0: Ground out U3 (Groundball, 34, EV 103.1 MPH)
|
Top of the 7th over - 1 run, 1 hit, 0 errors, 0 left on base; Athletic Club KC 3 - Ft. Worth 6 |
BOTTOM OF THE 7TH |
Ft. Worth Cattlemen batting - Pitching for Athletic Club KC : RHP Dan Smith
|
Batting: RHB Jurgen Flurgenburgen
|
0-0: Called Strike 0-1: Ground out U3 (Groundball, 34, EV 78.8 MPH)
|
Batting: RHB Lonnie Doble
|
0-0: Called Strike 0-1: Foul Ball, location: 2F 0-2: Ball 1-2: DOUBLE (Groundball, 5L, EV 98.1 MPH)
|
Batting: RHB Omer Yurtseven
|
0-0: Called Strike 0-1: Called Strike 0-2: Fly out, F8 (Flyball, 8RD, EV 103.8 MPH)
|
Batting: LHB Tippi Degré
|
0-0: Ball 1-0: Swinging Strike 1-1: Ball 2-1: Ball 3-1: Called Strike 3-2: Foul Ball, location: 2F 3-2: Strikes out looking
|
Bottom of the 7th over - 0 runs, 1 hit, 0 errors, 1 left on base; Athletic Club KC 3 - Ft. Worth 6 |
TOP OF THE 8TH |
Athletic Club KC batting - Pitching for Ft. Worth Cattlemen : RHP Dragutin Petrovic
|
Batting: RHB James Hemwick
|
0-0: Called Strike 0-1: Ball 1-1: Ground out U3 (Groundball, 34, EV 88.1 MPH)
|
Batting: RHB Jimbob Ghostkeeper
|
0-0: Ground out 5-3 (Groundball, 56, EV 100.0 MPH)
|
Batting: RHB Cornelio Japón
|
0-0: Ground out 5-3 (Groundball, 5, EV 83.1 MPH)
|
Top of the 8th over - 0 runs, 0 hits, 0 errors, 0 left on base; Athletic Club KC 3 - Ft. Worth 6 |
BOTTOM OF THE 8TH |
Ft. Worth Cattlemen batting - Pitching for Athletic Club KC : RHP Dan Smith
|
Pitching: RHP Ray McKendrick
|
|
Batting: RHB Tae-cho Han
|
0-0: Foul Ball, location: 2F 0-1: Foul Ball, location: 2F 0-2: Ball 1-2: Ball 2-2: SINGLE (Groundball, 56D, EV 106.2 MPH)
|
Batting: SHB Kolby Hay
|
0-0: Ball 1-0: Ball 2-0: Ball 3-0: Called Strike 3-1: Called Strike 3-2: Fly out, F7 (Flyball, 78D, EV 96.9 MPH)
|
Batting: LHB Semo Hoaloha
|
0-0: Called Strike 0-1: DOUBLE (Flyball, 89XD, EV 114.4 MPH) Tae-cho Han to third Runner from 3rd tries for Home, SAFE, throw by RF to home
|
Batting: RHB Dennis Wacher
|
0-0: Ball 1-0: Ball 2-0: Ball 3-0: Called Strike 3-1: Ground out 6-3 (Groundball, 56, EV 88.1 MPH)
|
Batting: LHB Jorge Alejándrez
|
0-0: Ground out 5-3 (Groundball, 56, EV 83.1 MPH)
|
Bottom of the 8th over - 1 run, 2 hits, 0 errors, 1 left on base; Athletic Club KC 3 - Ft. Worth 7 |
TOP OF THE 9TH |
Athletic Club KC batting - Pitching for Ft. Worth Cattlemen : RHP Dragutin Petrovic
|
Batting: SHB Mike Ríos
|
0-0: Foul Ball, location: 2F 0-1: Ball 1-1: Called Strike 1-2: Strikes out swinging
|
Batting: RHB Karel van Capelle
|
0-0: DOUBLE (Line Drive, 89M, EV 111.9 MPH)
|
Pitching: RHP Sima Babic
|
|
Batting: RHB Scott Dourque
|
0-0: Called Strike 0-1: Swinging Strike 0-2: Foul Ball, location: 2F 0-2: Ball Wild Pitch! Karel van Capelle to third 1-2: Ball 2-2: Strikes out swinging
|
Batting: RHB Gerold Olthof
|
0-0: Foul Ball, location: 2F 0-1: Swinging Strike 0-2: Ball 1-2: Fly out, F6 (Line Drive, 6, EV 62.5 MPH)
|
Top of the 9th over - 0 runs, 1 hit, 0 errors, 1 left on base; Athletic Club KC 3 - Ft. Worth 7 |
|